[ AOE2 MATCH · #505651149 ]
UnrankedMagyars vs Georgians
Player's team · WIN
Rival team · LOSS
[ REPLAY ANALYSIS · EXTRACTED FROM THE RECORDED GAME ]
Feudal
10:06
Castle
14:52
Imperial
32:38
| APM avg | 55.2 |
| APM peak | 115 |
| eAPM avg | 34.1 |
| Villagers / military | 162 / 291 |
Focus
⚔️ 46.2% · 🌾 53.8%
Scout Cavalry ×135 · Cavalry Archer ×83 · Magyar Huszar ×46 · Battering Ram ×12 · Trebuchet (Packed) ×9 · Mangonel ×2
Feudal
8:26
Castle
23:12
Imperial
33:37
| APM avg | 69.3 |
| APM peak | 129 |
| eAPM avg | 41.7 |
| Villagers / military | 229 / 175 |
Focus
⚔️ 48.0% · 🌾 52.0%
Scout Cavalry ×132 · Mangonel ×24 · Monk ×7 · Archer ×7 · Trebuchet (Packed) ×5
Match map
Initial resources + every placement click. Lines = walls · curves = elevation contours. ◆ gold · ⬟ stone · ● berries · ✦ relic · ◌ wall gap
Your base· ✓ Closed at 14:52 · 19t walls · 2 gate(s)
Dark_aoe's base· ✓ Closed at 23:12 · 32t walls · 5 gate(s)
Smoothed initial terrain · ◌ = detected wall gap · hover for details
Inputs per minute
— Blackheart - - Dark_aoe
Build order — Blackheart
First 150 of 514 actions detected
| 0:00 | Create | Villager (Male) |
| 0:02 | Build | House |
| 0:03 | Build | House |
| 0:10 | Create | Villager (Male) |
| 0:10 | Create | Villager (Male) |
| 0:10 | Create | Villager (Male) |
| 1:30 | Create | Villager (Male) |
| 1:44 | Build | Lumber Camp |
| 2:00 | Create | Villager (Male) |
| 2:12 | Create | Villager (Male) |
| 2:56 | Create | Villager (Male) |
| 3:05 | Create | Villager (Male) |
| 3:15 | Create | Villager (Male) |
| 3:50 | Build | House |
| 3:50 | Build | House |
| 3:52 | Create | Villager (Male) ×2 |
| 3:52 | Create | Villager (Male) ×2 |
| 4:19 | Build | Mill |
| 4:36 | Create | Villager (Male) |
| 4:37 | Create | Villager (Male) |
| 4:53 | Build | House |
| 5:03 | Create | Villager (Male) |
| 5:20 | Create | Villager (Male) |
| 6:27 | Create | Villager (Male) |
| 6:49 | Create | Villager (Male) |
| 6:49 | Create | Villager (Male) |
| 7:11 | Create | Villager (Male) |
| 7:34 | Build | Farm |
| 7:44 | Research | Feudal Age |
| 8:01 | Build | Mining Camp |
| 8:36 | Research | Loom |
| 8:36 | Create | Villager (Male) |
| 9:02 | Build | Palisade Wall |
| 10:04 | Build | House |
| 10:06 | Age | Feudal Age |
| 10:11 | Build | Market |
| 10:14 | Build | Blacksmith |
| 10:18 | Build | Palisade Wall |
| 10:34 | Build | Stone Wall |
| 10:52 | Create | Villager (Male) |
| 11:13 | Create | Villager (Male) |
| 11:19 | Build | Palisade Wall |
| 11:37 | Build | Gate |
| 11:47 | Create | Villager (Male) |
| 11:59 | Build | House |
| 12:01 | Build | House |
| 12:03 | Build | Palisade Wall |
| 12:05 | Build | Palisade Wall |
| 12:08 | Build | House |
| 12:12 | Research | Castle Age |
| 12:29 | Build | Watch Tower |
| 12:36 | Build | Palisade Wall |
| 12:45 | Research | Double-Bit Axe |
| 13:20 | Research | Horse Collar |
| 13:23 | Build | Farm |
| 13:48 | Create | Villager (Male) |
| 13:58 | Build | Farm |
| 14:17 | Build | Farm |
| 14:21 | Build | Farm |
| 14:25 | Build | House |
| 14:27 | Build | House |
| 14:52 | Age | Castle Age |
| 14:54 | Build | Siege Workshop |
| 14:59 | Research | Bow Saw |
| 15:00 | Create | Villager (Male) |
| 15:28 | Build | Farm |
| 15:30 | Build | Farm |
| 15:38 | Create | Mangonel |
| 15:38 | Create | Villager (Male) |
| 16:03 | Create | Villager (Male) |
| 16:14 | Create | Mangonel |
| 16:19 | Create | Villager (Male) |
| 16:35 | Create | Villager (Male) |
| 17:02 | Create | Villager (Male) |
| 17:26 | Build | Farm |
| 17:27 | Build | Farm |
| 17:40 | Create | Villager (Male) |
| 18:12 | Create | Villager (Male) |
| 18:24 | Create | Villager (Male) |
| 18:25 | Create | Scorpion |
| 18:31 | Build | House |
| 18:33 | Build | Palisade Wall |
| 18:39 | Create | Villager (Male) |
| 18:51 | Build | Farm |
| 18:53 | Build | Lumber Camp |
| 18:55 | Create | Villager (Male) |
| 19:03 | Build | Farm |
| 19:16 | Create | Villager (Male) |
| 19:25 | Build | House |
| 19:31 | Build | Palisade Wall |
| 19:32 | Create | Villager (Male) |
| 19:49 | Create | Villager (Male) |
| 19:53 | Build | Farm |
| 19:56 | Build | Farm |
| 20:01 | Create | Villager (Male) |
| 20:10 | Build | Palisade Wall |
| 20:20 | Build | Town Center |
| 21:15 | Build | Town Center |
| 21:19 | Create | Villager (Male) |
| 21:33 | Create | Villager (Male) |
| 21:43 | Create | Villager (Male) |
| 21:49 | Create | Villager (Male) |
| 21:52 | Create | Villager (Male) |
| 21:52 | Build | Farm |
| 21:57 | Build | Farm |
| 21:59 | Create | Villager (Male) |
| 22:01 | Build | Farm |
| 22:03 | Create | Villager (Male) |
| 22:11 | Create | Villager (Male) |
| 22:14 | Build | Farm |
| 22:15 | Build | Farm |
| 22:17 | Create | Villager (Male) |
| 22:28 | Create | Villager (Male) |
| 22:42 | Create | Villager (Male) |
| 22:44 | Build | Farm |
| 22:47 | Create | Villager (Male) |
| 22:49 | Build | Farm |
| 22:49 | Build | Farm |
| 22:50 | Build | Farm |
| 22:51 | Create | Villager (Male) |
| 22:57 | Build | Barracks |
| 22:58 | Create | Villager (Male) |
| 23:02 | Build | House |
| 23:03 | Build | House |
| 23:05 | Create | Villager (Male) |
| 23:14 | Create | Villager (Male) |
| 23:26 | Build | Mining Camp |
| 23:30 | Create | Villager (Male) |
| 23:41 | Build | Siege Workshop |
| 23:44 | Create | Villager (Male) |
| 23:46 | Build | House |
| 23:46 | Build | House |
| 23:48 | Create | Villager (Male) |
| 23:52 | Create | Spearman |
| 23:52 | Create | Spearman |
| 24:00 | Build | Outpost |
| 24:04 | Build | Outpost |
| 24:09 | Research | Wheelbarrow |
| 24:11 | Create | Villager (Male) |
| 24:12 | Create | Villager (Male) |
| 24:14 | Research | Town Watch |
| 24:14 | Create | Villager (Male) |
| 24:22 | Create | Villager (Male) |
| 24:33 | Create | Villager (Male) |
| 24:37 | Build | Farm |
| 24:39 | Build | Farm |
| 24:40 | Build | Farm |
| 24:42 | Build | Farm |
| 24:43 | Create | Villager (Male) |
| 24:48 | Create | Villager (Male) |
Build order — Dark_aoe
First 150 of 635 actions detected
| 0:01 | Create | Villager (Male) |
| 0:02 | Build | House |
| 0:03 | Build | House |
| 0:14 | Create | Villager (Male) |
| 0:42 | Create | Villager (Male) |
| 0:58 | Create | Villager (Male) |
| 1:34 | Create | Villager (Male) |
| 2:00 | Create | Villager (Male) |
| 2:29 | Create | Villager (Male) |
| 2:43 | Create | Villager (Male) |
| 3:00 | Build | House |
| 3:02 | Build | Mill |
| 3:11 | Create | Villager (Male) |
| 3:22 | Build | House |
| 3:38 | Create | Villager (Male) |
| 4:01 | Create | Villager (Male) |
| 4:29 | Create | Villager (Male) |
| 4:58 | Create | Villager (Male) |
| 5:23 | Create | Villager (Male) |
| 5:50 | Research | Loom |
| 6:11 | Research | Feudal Age |
| 7:41 | Build | Barracks |
| 7:56 | Create | Villager (Male) |
| 8:26 | Age | Feudal Age |
| 8:28 | Build | Watch Tower |
| 8:36 | Create | Villager (Male) |
| 8:45 | Build | Archery Range |
| 9:09 | Create | Villager (Male) |
| 9:17 | Research | Double-Bit Axe |
| 9:38 | Create | Villager (Male) |
| 9:39 | Build | House |
| 9:53 | Create | Archer |
| 9:56 | Build | House |
| 9:58 | Create | Villager (Male) |
| 10:07 | Build | Stone Wall |
| 10:14 | Create | Archer |
| 10:21 | Create | Villager (Male) |
| 10:34 | Build | Blacksmith |
| 10:50 | Create | Villager (Male) |
| 10:58 | Create | Archer |
| 10:59 | Create | Villager (Male) |
| 11:16 | Research | Fletching |
| 11:40 | Create | Villager (Male) |
| 12:04 | Create | Villager (Male) |
| 12:05 | Create | Archer |
| 12:10 | Research | Horse Collar |
| 12:17 | Build | Mule Cart |
| 12:35 | Create | Villager (Male) |
| 12:37 | Build | Farm |
| 12:55 | Create | Villager (Male) |
| 13:13 | Build | Watch Tower |
| 13:16 | Create | Villager (Male) |
| 13:20 | Create | Archer |
| 13:30 | Build | House |
| 13:33 | Build | Farm |
| 13:35 | Build | Farm |
| 13:41 | Create | Archer |
| 13:50 | Build | Gate |
| 13:52 | Build | Stone Wall |
| 13:54 | Create | Villager (Male) |
| 14:11 | Build | Mule Cart |
| 14:13 | Create | Villager (Male) |
| 14:24 | Build | House |
| 14:27 | Build | Palisade Wall |
| 14:28 | Build | Palisade Wall |
| 14:29 | Build | Palisade Wall |
| 14:38 | Build | Palisade Wall |
| 14:39 | Create | Villager (Male) |
| 14:50 | Build | House |
| 15:02 | Build | Stone Wall |
| 15:02 | Build | Stone Wall |
| 15:07 | Create | Villager (Male) |
| 15:08 | Build | Farm |
| 15:12 | Build | Farm |
| 15:31 | Create | Villager (Male) |
| 15:34 | Create | Archer |
| 15:43 | Build | House |
| 15:45 | Build | Farm |
| 15:49 | Create | Villager (Male) |
| 16:12 | Build | House |
| 16:24 | Create | Villager (Male) |
| 16:42 | Build | Stable |
| 16:43 | Create | Villager (Male) |
| 17:02 | Create | Villager (Male) |
| 17:09 | Build | Watch Tower |
| 17:39 | Create | Villager (Male) |
| 17:41 | Build | Farm |
| 17:44 | Build | Farm |
| 17:47 | Create | Scout Cavalry |
| 17:53 | Build | Farm |
| 18:11 | Create | Villager (Male) |
| 18:31 | Build | Watch Tower |
| 18:37 | Build | Farm |
| 18:38 | Create | Villager (Male) |
| 18:40 | Build | Farm |
| 18:41 | Build | Farm |
| 19:08 | Create | Villager (Male) |
| 19:10 | Build | Farm |
| 19:17 | Build | Farm |
| 19:18 | Build | Farm |
| 19:18 | Build | Farm |
| 19:31 | Build | Gate |
| 19:34 | Build | Stone Wall |
| 19:39 | Create | Villager (Male) |
| 19:43 | Build | Market |
| 20:07 | Create | Villager (Male) |
| 20:14 | Build | House |
| 20:16 | Build | House |
| 20:24 | Research | Castle Age |
| 20:45 | Build | Stone Wall |
| 20:49 | Build | Stone Wall |
| 20:51 | Build | Gate |
| 20:52 | Build | Stone Wall |
| 20:52 | Build | Stone Wall |
| 20:57 | Create | Scout Cavalry |
| 21:15 | Research | Gold Mining |
| 21:23 | Build | Mule Cart |
| 21:31 | Research | Stone Mining |
| 21:31 | Research | Stone Mining |
| 21:41 | Create | Scout Cavalry |
| 23:05 | Create | Villager (Male) |
| 23:12 | Age | Castle Age |
| 23:16 | Build | Town Center |
| 23:18 | Build | Monastery |
| 23:21 | Build | Monastery |
| 23:27 | Build | Town Center |
| 23:39 | Create | Villager (Male) |
| 23:46 | Research | Bow Saw |
| 23:46 | Research | Bow Saw |
| 23:56 | Create | Villager (Male) |
| 24:05 | Create | Monk |
| 24:08 | Create | Monk |
| 24:20 | Build | Town Center |
| 24:24 | Research | Wheelbarrow |
| 24:41 | Create | Villager (Male) |
| 24:54 | Create | Villager (Male) |
| 24:54 | Create | Villager (Male) |
| 24:57 | Create | Monk |
| 25:04 | Create | Villager (Male) |
| 25:05 | Create | Villager (Male) |
| 25:05 | Create | Villager (Male) |
| 25:15 | Build | Outpost |
| 25:18 | Build | Outpost |
| 25:21 | Create | Villager (Male) |
| 25:26 | Create | Villager (Male) |
| 25:28 | Build | Farm |
| 25:28 | Build | Farm |
| 25:33 | Build | Farm |
| 25:33 | Build | Farm |
| 25:34 | Research | Heavy Plow |
Match timeline
| 7:41 | Dark_aoe · first_building Barracks |
| 8:26 | Dark_aoe · age_up feudal |
| 8:45 | Dark_aoe · first_building Archery Range |
| 9:02 | Blackheart · wall_segment Palisade Wall x7 |
| 10:06 | Blackheart · age_up feudal |
| 10:07 | Dark_aoe · wall_segment Stone Wall x11 |
| 10:18 | Blackheart · wall_segment Palisade Wall x2 |
| 10:34 | Blackheart · wall_segment Stone Wall x1 |
| 11:19 | Blackheart · wall_segment Palisade Wall x1 |
| 12:03 | Blackheart · wall_segment Palisade Wall x5 |
| 12:05 | Blackheart · wall_segment Palisade Wall x1 |
| 12:36 | Blackheart · wall_segment Palisade Wall x2 |
| 13:52 | Dark_aoe · wall_segment Stone Wall x5 |
| 14:27 | Dark_aoe · wall_segment Palisade Wall x1 |
| 14:28 | Dark_aoe · wall_segment Palisade Wall x1 |
| 14:29 | Dark_aoe · wall_segment Palisade Wall x1 |
| 14:38 | Dark_aoe · wall_segment Palisade Wall x1 |
| 14:52 | Blackheart · age_up castle |
| 14:54 | Blackheart · first_building Siege Workshop |
| 15:02 | Dark_aoe · wall_segment Stone Wall x1 |
| 15:02 | Dark_aoe · wall_segment Stone Wall x1 |
| 15:37 | Blackheart · first_market_buy 100 wood |
| 16:42 | Dark_aoe · first_building Stable |
| 17:02 | Blackheart · first_market_sell 100 wood |
| 18:33 | Blackheart · wall_segment Palisade Wall x1 |
| 19:31 | Blackheart · wall_segment Palisade Wall x1 |
| 19:34 | Dark_aoe · wall_segment Stone Wall x7 |
| 20:10 | Blackheart · wall_segment Palisade Wall x1 |
| 20:20 | Dark_aoe · first_market_buy 100 food |
| 20:45 | Dark_aoe · wall_segment Stone Wall x1 |
| 20:49 | Dark_aoe · wall_segment Stone Wall x3 |
| 20:52 | Dark_aoe · wall_segment Stone Wall x1 |
| 20:52 | Dark_aoe · wall_segment Stone Wall x1 |
| 22:57 | Blackheart · first_building Barracks |
| 23:12 | Dark_aoe · age_up castle |
| 23:18 | Dark_aoe · first_building Monastery |
| 25:30 | Blackheart · first_building Archery Range |
| 28:52 | Blackheart · first_building Stable |
| 30:44 | Blackheart · first_building Castle |
| 32:38 | Blackheart · age_up imperial |
| 33:26 | Dark_aoe · first_building Castle |
| 33:37 | Dark_aoe · age_up imperial |
| 35:02 | Dark_aoe · wall_segment Stone Wall x5 |
| 35:03 | Dark_aoe · wall_segment Stone Wall x5 |
| 35:36 | Dark_aoe · first_market_sell 500 wood |
| 36:55 | Dark_aoe · first_building Siege Workshop |
| 48:45 | Blackheart · first_building Monastery |
| 52:18 | Dark_aoe · resign |
[ AI ANALYSIS · 1 CREDIT ]
What really happened in this match?
Wolo.gg analyzes every decision: build order, eco, micro, common mistakes by bracket. Personalized analysis on WhatsApp or Discord in 30 seconds.
Civ guide
Magyars
Perfil
Jugador #6440047